 Dungeon Crawl Stone Soup version 0.21-a0-91-ga5031da (webtiles) character file.

802 Lavandula the Skirmisher (level 7, 43/54 HPs)
             Began as a Mummy Arcane Marksman on June 30, 2017.
             Was an Initiate of Kikubaaqudgha.
             Quit the game on level 5 of the Dungeon.
             The game lasted 00:19:30 (3856 turns).

Lavandula the Skirmisher (Mummy Arcane Marksman)    Turns: 3856, Time: 00:19:30

Health: 43/54      AC: 12    Str: 13    XL:     7   Next: 59%
Magic:  12/12      EV: 13    Int: 14    God:    Kikubaaqudgha [......]
Gold:   244        SH:  0    Dex: 13    Spells: 6/13 levels left

rFire    x . .     SeeInvis .   t - +0 morningstar
rCold    + . .     Gourm    .   (no shield)
rNeg     + + +     Faith    .   w - +1 scale mail {MR+}
rPois    ∞         Spirit   .   (no helmet)
rElec    .         Reflect  .   i - -1 cloak (curse)
rCorr    .         Harm     .   j - +2 pair of gloves
MR       +....                  u - +1 pair of boots
Stlth    ..........             (no amulet)
HPRegen  0.18/turn              p - ring of loudness (curse)
MPRegen  0.13/turn              d - +3 ring of evasion

@: no status effects
A: no food or potions, fire vulnerability, cold resistance 1, negative energy
resistance 3, torment resistance, unbreathing
a: Renounce Religion


You were on level 5 of the Dungeon.
You worshipped Kikubaaqudgha.
Kikubaaqudgha was noncommittal.
You were not hungry.

You visited 2 branches of the dungeon, and saw 7 of its levels.

You collected 244 gold pieces.

Inventory:

Hand Weapons
 a - a +4 hand crossbow
 f - a +0 dagger
 h - a +0 hunting sling
 s - a +0 rapier
 t - a +0 morningstar (weapon)
 v - a +0 war axe
Missiles
 l - 3 bolts
Armour
 e - a +0 robe
 i - a cursed -1 cloak (worn)
 j - a +2 pair of gloves (worn)
 n - a +0 leather armour
 q - a +0 ring mail
 u - a +1 pair of boots (worn)
 w - a +1 scale mail of magic resistance (worn)
Jewellery
 d - a +3 ring of evasion (right hand)
 p - a cursed ring of loudness (left hand)
Wands
 r - a wand of polymorph (0/24)
Scrolls
 b - 2 scrolls of immolation
 g - a scroll of magic mapping
 k - a scroll of amnesia
 m - 2 scrolls of random uselessness
 o - a scroll of recharging
 x - a scroll of noise {unknown}
Books
 c - a book of Debilitation

   Spells                             Type                      Level
   a - Corona                         Hexes                        1
   b - Slow                           Hexes                        2
   c - Inner Flame                    Hexes/Fire                   3
   d - Portal Projectile              Hexes/Translocation          3
   e - Cause Fear                     Hexes                        4
   f - Leda's Liquefaction            Hexes/Earth                  4


   Skills:
 - Level 4.2 Fighting
 + Level 2.2 Maces & Flails
 - Level 3.9 Crossbows
 - Level 3.3 Dodging
 - Level 3.7 Spellcasting
 - Level 3.0 Hexes


You had 6 spell levels left.
You knew the following spells:

 Your Spells              Type           Power        Failure   Level  Hunger
a - Corona                Hex            ##.....      28%         1    N/A
b - Slow                  Hex            ##......     38%         2    N/A
c - Cause Fear            Hex            ##........   95%         4    N/A

Dungeon Overview and Level Annotations

Branches:
Dungeon (6/15)             Temple (1/1) D:5

Altars:
Ashenzari
Cheibriados
Dithmenos
Elyvilon
Fedhas
Gozag
Hepliaklqana
Kikubaaqudgha
Makhleb
Nemelex Xobeh
Okawaru
Ru
Sif Muna
Trog
Uskayaw
Vehumet
Wu Jian
Yredelemnul
Zin
The Shining One

Annotations:
D:2 Robin
D:5 Pikel


Innate Abilities, Weirdness & Mutations

You do not eat or drink.
Your flesh is vulnerable to fire.
You are immune to poison.
Your flesh is cold resistant. (rC+)
You are immune to negative energy. (rN+++)
You are immune to unholy pain and torment.
You can survive without breathing.


Message History

The bullfrog is heavily wounded.
The bullfrog hits you. x2
You barely miss the bullfrog.
The bullfrog is heavily wounded.
The bullfrog hits you. The bullfrog barely misses you.
You sock the bullfrog!
You kill the bullfrog!
Kikubaaqudgha accepts your kill.
Your Maces & Flails skill increases to level 2!
You start resting.
You see here a bullfrog corpse.
Things that are here:
a flail x2
You start resting.
Pikel the Slaver comes into view.
He is wielding a whip of flaming.
A slave comes into view.
Pikel shouts!
The slave shouts!
You open the door.
There is an open door here.
Are you sure you want to abandon this character and quit the game? (Confirm with "yes".)

.....##.#.#######...####........#
#.#.##>.........†...............#
..#.....#.#######...####........#
###.##..#.# #...# #........#
.....<....# ##### #........#
###..#..### ###### #........#
#....#..# #....# ###........#
#+#.....#####....#####...........
................@'...K.p.........
.....##.#####....#####.###.##.##.
.....#### #....# #.# #.......
.....# #....# #.# #....### .....#
#####....# #.###....... .....#
#.....#### #...#....### .....#
#.....# #...##...# .....# #.....#
#.. ##.## .....# #.....# #.# #..#


You could see Pikel and a slave.

Vanquished Creatures
  An ogre (D:4)
  A bullfrog (D:5)
  2 scorpions
  2 quasits
  3 orc priests
  A bullfrog skeleton (D:4)
  A centaur skeleton (D:5)
  Ijyb (D:4)
  2 orc wizards
  An iguana (D:5)
  A hound skeleton (D:4)
  3 gnolls
  7 adders
  A shadow imp (D:5)
  2 oozes (D:4)
  2 adder skeletons
  A worm (D:2)
  A dart slug (D:4)
  2 leopard geckos
  14 orcs
  13 bats
  4 giant cockroaches
  10 goblins
  11 hobgoblins
  11 jackals
  6 kobolds
  A quokka (D:1)
  A ball python (D:1)
  9 frilled lizards
  5 rats
120 creatures vanquished.

Notes
Turn   | Place    | Note
-------+----------+-------------------------------------------
     0 | D:1      | Lavandula the Mummy Arcane Marksman began the quest for the Orb.
     0 | D:1      | Reached XP level 1. HP: 15/15 MP: 2/2
   221 | D:1      | Reached XP level 2. HP: 18/21 MP: 4/4
   383 | D:2      | Noticed Robin
   567 | D:1      | Reached XP level 3. HP: 4/26 MP: 2/5
  1234 | D:2      | Reached XP level 4. HP: 20/32 MP: 4/6
  1338 | D:2      | Learned a level 2 spell: Slow
  1513 | D:3      | Found a hide-covered altar of Uskayaw.
  1714 | D:4      | Noticed Ijyb
  1739 | D:4      | Killed Ijyb
  1805 | D:4      | Reached XP level 5. HP: 32/37 MP: 3/9
  1812 | D:4      | Learned a level 4 spell: Cause Fear
  1827 | D:4      | Found an opulent altar of Gozag.
  1861 | D:5      | Entered Level 5 of the Dungeon
  2045 | D:3      | Reached skill level 2 in Fighting
  2045 | D:3      | Reached XP level 6. HP: 30/44 MP: 11/11
  2478 | D:3      | Reached skill level 3 in Fighting
  2662 | D:4      | Reached skill level 4 in Fighting
  2925 | D:4      | Reached XP level 7. HP: 54/54 MP: 12/12
  2990 | D:5      | Found a staircase to the Ecumenical Temple.
  3001 | Temple   | Entered the Ecumenical Temple
  3167 | Temple   | Became a worshipper of Kikubaaqudgha
  3667 | D:5      | Reached skill level 1 in Maces & Flails
  3829 | D:5      | Noticed Pikel
  3856 | D:5      | Quit the game

Vault maps used:
D:1:      eino_arrival_cavern_b, minmay_misc_feat_pillars, kennysheep_boxes
D:2:      hangedman_abyss_or_decor_stabs, uniq_robin
D:3:      lemuel_castle_with_subvaults, lemuel_crystal_altar, first_bread
D:4:      nicolae_gozag_seed_capital, hangedman_decor_slide_cut, uniq_ijyb
D:5:      temple_green, uniq_pikel
D:6:      serial_shops, shop, uniq_menkaure
Temple:   dpeg_five_rooms_temple

Skill      XL: |  1  2  3  4  5  6  7 |
---------------+----------------------+-----
Hexes          | 3 |  3.0
Crossbows      | 2 3 |  3.9
Spellcasting   | 2 3 |  3.7
Fighting       | 2 4 |  4.2
Dodging        | 2 3 |  3.3
Maces & Flails | 2 |  2.2

Action                   |  1- 3 |  4- 6 |  7- 9 || total
-------------------------+-------+-------+-------++-------
Melee: Dagger            |    98 |    10 |       ||   108
       Morningstar       |       |       |    53 ||    53
       Rapier            |       |       |    24 ||    24
 Fire: Hand crossbow     |    59 |   192 |    27 ||   278
 Cast: Corona            |    33 |    20 |     6 ||    59
       Slow              |       |     4 |     3 ||     7
  Use: Scroll            |       |    11 |     2 ||    13
Armor: Robe              |    79 |    48 |    24 ||   151
       Scale mail        |       |       |    39 ||    39
Dodge: Dodged            |   140 |   107 |   131 ||   378
